 Dungeon Crawl Stone Soup version 0.21.1-1-g345015f (webtiles) character file.

85 GenChuck the Cudgeler (level 4, -1/35 HPs)
             Began as a Demonspawn Chaos Knight on Apr 8, 2018.
             Hit by a stone thrown by a gnoll (3 damage)
             ... on level 2 of the Dungeon.
             The game lasted 00:08:16 (1972 turns).

GenChuck the Cudgeler (Demonspawn Chaos Knight)     Turns: 1972, Time: 00:08:17

Health: -1/35      AC:  5    Str: 13    XL:     4   Next: 25%
Magic:  4/4        EV: 11    Int: 13    God:    Xom [..*...]
Gold:   26         SH:  4    Dex: 13    Spells: 3/3 levels left

rFire    . . .     SeeInvis .   a - +0 mace (chaos)
rCold    . . .     Gourm    .   (no shield)
rNeg     . . .     Faith    .   b - +2 leather armour
rPois    .         Spirit   .   (no helmet)
rElec    .         Reflect  .   (no cloak)
rCorr    .         Harm     .   (no gloves)
MR       .....                  (no boots)
Stlth    +.........             (no amulet)
HPRegen  0.11/turn              (no ring)
MPRegen  0.09/turn              (no ring)

@: no status effects
A: large bone plates 1
a: Renounce Religion


You were on level 2 of the Dungeon.
You worshipped Xom.
You were a toy of Xom.
You were not hungry.

You visited 1 branch of the dungeon, and saw 3 of its levels.

You collected 26 gold pieces.

Inventory:

Hand Weapons
 a - a +0 mace of chaos (weapon)
Armour
 b - a +2 leather armour (worn)
Scrolls
 d - a scroll of identify
Comestibles
 c - a ration
 f - 6 chunks of flesh


   Skills:
 + Level 3.3 Fighting
 * Level 4.0 Maces & Flails
 + Level 2.2 Armour
 + Level 1.1 Dodging
 + Level 0.2 Stealth


You had 3 spell levels left.
You didn't know any spells.

Dungeon Overview and Level Annotations

Branches:
Dungeon (3/15)

Altars:


Innate Abilities, Weirdness & Mutations

You are partially covered in large bone plates. (SH +4)


Message History

* * * LOW HITPOINT WARNING * * *
You hit the gnoll. You freeze the gnoll.
You kill the gnoll!
You have reached level 4!
You feel agile. The gnoll hits you but does no damage.
You block the gnoll's attack.
Things that are here:
a flail; a scale mail You hit the gnoll.
Lightning courses through the gnoll!
You kill the gnoll!
Your Maces & Flails skill increases to level 4!
You start resting.
A gnoll comes into view. It is wielding a spear.
You start resting.
The gnoll throws a stone.
The stone hits you.
* * * LOW HITPOINT WARNING * * *
You see here a stone.
The gnoll throws a stone.
The stone hits you.
You die...

....## #. ...w# #..####### .g...
##.......############ .....######
#....................
......))g.###.#####.###..........
######.##.#...###......>.........
#. #.#....##.##..##......... ##
#.#..#.##.##.............
#.#.....@................
###.g..#....###...#########
#...........# #...# #........####
#...# #........# #........#
#........# #...###### #...#


You could see a gnoll.

Vanquished Creatures
  2 gnolls (D:2)
  2 adders (D:2)
  3 dart slugs
  A leopard gecko (D:1)
  9 goblins
  6 hobgoblins
  2 jackals (D:2)
  A quokka (D:2)
  A ball python (D:2)
  3 bats
  2 frilled lizards (D:1)
  5 kobolds (D:1)
  4 rats
41 creatures vanquished.

Vanquished Creatures (others)
  11 toadstools (D:2)
11 creatures vanquished.

Grand Total: 52 creatures vanquished

Notes
Turn   | Place    | Note
-------+----------+-------------------------------------------
     0 | D:1      | GenChuck the Demonspawn Chaos Knight began the quest for the Orb.
     0 | D:1      | Reached XP level 1. HP: 18/18 MP: 1/1
   153 | D:1      | XOM: harmless Hex miscast
   170 | D:1      | XOM: smoke on damage
   372 | D:1      | Reached skill level 3 in Maces & Flails
   384 | D:1      | Gained mutation: You are partially covered in large bone plates. (SH +4) [demonic ancestry]
   384 | D:1      | Reached XP level 2. HP: 24/24 MP: 2/2
   500 | D:1      | XOM: harmless Fire miscast
   693 | D:1      | XOM: divination: detect items
   877 | D:1      | XOM: harmless Tloc miscast
   976 | D:1      | Reached XP level 3. HP: 22/29 MP: 3/3
   992 | D:1      | XOM: silly message
  1294 | D:1      | XOM: harmless Hex miscast
  1584 | D:2      | XOM: potion effect (haste)
  1590 | D:2      | Reached skill level 1 in Dodging
  1628 | D:2      | XOM: harmless Erth miscast
  1938 | D:2      | Reached XP level 4. HP: 3/35 MP: 4/4
  1940 | D:2      | Reached skill level 4 in Maces & Flails
  1966 | D:2      | HP: 1/35 [gnoll/stone (5)]
  1972 | D:2      | Hit by a stone thrown by a gnoll

Skill      XL: |  1  2  3  4 |
---------------+-------------+-----
Maces & Flails | 3 4 |  4.0
Armour         | 2 |  2.2
Dodging        | 1 |  1.1
Fighting       | |  3.3
Stealth        | |  0.2

Action                   |  1- 3 |  4- 6 || total
-------------------------+-------+-------++-------
Melee: Mace              |   114 |     1 ||   115
  Use: Scroll            |     3 |       ||     3
  Eat: Ration            |     1 |       ||     1
       Chunk             |     1 |       ||     1
Armor: Leather armour    |    28 |     1 ||    29
Dodge: Dodged            |    56 |       ||    56
Block: Other             |    20 |     1 ||    21
